 Dungeon Crawl Stone Soup version 0.19-a0-1168-g98094fc (webtiles) character file.

1196 Duffy the Covert (level 8, 36/36 HPs)
             Began as a Spriggan Enchanter on Aug 15, 2016.
             Was a Priest of Dithmenos.
             Quit the game on level 5 of the Dungeon.
             The game lasted 00:10:00 (7341 turns).

Duffy the Covert (Spriggan Enchanter)               Turns: 7341, Time: 00:10:01

Health: 36/36      AC:  4    Str:  7    XL:     8   Next: 20%
Magic:  17/20      EV: 18    Int: 18    God:    Dithmenos [***...]
Gold:   213        SH:  0    Dex: 17    Spells: 5 memorised, 9 levels left

rFire  . . .     SeeInvis +     a - +2 dagger
rCold  . . .     Gourm    .     b - +1 robe
rNeg   . . .     Faith    .     (shield restricted)
rPois  .         Spirit   .     (helmet restricted)
rElec  .         Dismiss  .     l - +0 cloak
rCorr  .         Reflect  .     (gloves unavailable)
MR     +....     Harm     .     (boots unavailable)
Stlth  ++++++....               (no amulet)
                                (no ring)
                                y - +3 ring of strength

@: wreathed by umbra, very quick
A: unfitting armour, see invisible, herbivore 3, speed 3, slow metabolism 2
a: Shadow Step, Renounce Religion


You were on level 5 of the Dungeon.
You worshipped Dithmenos.
Dithmenos was most pleased with you.
You were not hungry.

You visited 2 branches of the dungeon, and saw 6 of its levels.

You collected 235 gold pieces.
You spent 22 gold pieces at shops.


Innate Abilities, Weirdness & Mutations

You are tiny and cannot use many weapons and most armour.
You have supernaturally acute eyesight. (SInv)
You are a herbivore.
You cover ground extremely quickly.
You need consume almost no food.


   Skills:
 - Level 5.0 Short Blades
 - Level 3.0 Dodging
 + Level 8.3 Stealth
 + Level 7.4 Spellcasting
 + Level 6.5 Hexes


You had 9 spell levels left.
You knew the following spells:

 Your Spells              Type           Power        Failure   Level  Hunger
a - Ensorcelled Hibernat  Hex/Ice        ###...       4%          2    None
c - Confuse               Hex            ####....     2%          3    #......
j - Dazzling Spray        Conj/Hex       ###...       10%         3    #......
l - Tukima's Dance        Hex            ####....     2%          3    #......
r - Corona                Hex            ####...      1%          1    None

Inventory:

Hand Weapons
 a - a +2 dagger (weapon)
Armour
 b - a +1 robe (worn)
 l - a +0 cloak (worn)
 w - a +0 buckler
Jewellery
 y - a +3 ring of strength (left hand)
Scrolls
 e - 3 scrolls of fear
 f - 2 scrolls of enchant armour
 i - a scroll of remove curse
 j - 4 scrolls of teleportation {unknown}
 o - a scroll of recharging {unknown}
 p - a scroll of immolation {unknown}
 r - a scroll of noise {unknown}
 t - 2 scrolls of enchant weapon
 u - 2 scrolls of fog {unknown}
 v - a scroll of amnesia {unknown}
 z - a scroll of blinking {unknown}
Potions
 h - a potion of might
 k - a potion of heal wounds {unknown}
 m - a potion of cure mutation {unknown}
 n - a potion of haste {unknown}
 q - 2 potions of lignification
 s - 2 potions of flight {unknown}
 x - a potion of curing {unknown}
 A - a potion of degeneration {unknown}
Books
 c - a book of Maledictions
Comestibles
 d - 4 bread rations
 g - a fruit

Dungeon Overview and Level Annotations

Branches:
Dungeon (5/15)             Temple (1/1) D:5

Altars:
Ashenzari
Cheibriados
Dithmenos
Elyvilon
Fedhas
Gozag
Hepliaklqana
Kikubaaqudgha
Makhleb
Nemelex Xobeh
Okawaru
Pakellas
Qazlal
Ru
Sif Muna
Trog
Uskayaw
Vehumet
Xom
Yredelemnul
Zin
The Shining One

Shops:
D:4 =   D:5 *


Message History

No target in view!
No target in view!
No target in view!
No target in view!
No target in view!
No target in view!
No target in view!
An iguana comes into view.
The iguana moves out of view.
Found a robe.
You see here a robe.
Found a stone staircase leading up.
Found a stone staircase leading down.
You open the door.
There is an open door here.
There is an open door here.
You see here a plate armour.
You open the door.
Found 19 arrows and a spear.
Found 25 arrows and a spear.
There is an open door here.
Things that are here:
a shortbow; 18 arrows; a centaur corpse You open the door.
Found a ring mail.
There is an open door here.
You now have 213 gold pieces (gained 19).
You see here a ring mail.
The iguana is too close now for your liking.
An iguana is nearby!
An iguana is nearby!
The iguana hisses angrily.
You hit the iguana but do no damage.
Cast which spell? (? or * to list)
Aiming: Ensorcelled Hibernation
Press: ? - help, Shift-Dir - straight line, f - iguana
Aim: an iguana (umbra, chance to defeat MR: 57%)
The iguana looks drowsy...
The helpless iguana fails to defend itself.
You stick the iguana like a pincushion!!!
You kill the iguana!
Dithmenos accepts your kill.
A howler monkey skeleton comes into view.
A howler monkey skeleton is nearby!
Cast which spell? (? or * to list)
Aiming: Confuse
Press: ? - help, Shift-Dir - straight line, f - howler monkey skeleton
Aim: a howler monkey skeleton (hasn't noticed you, umbra, chance to defeat MR: 86%)
The howler monkey skeleton appears confused.
Are you sure you want to abandon this character and quit the game? (Confirm with "yes".)

#####....##..........# #... ####
#....#########...# #... #..#
#..%.#.......#...# #...
#..######....#.......#...# #...
8#....................##### #...
##........................# #...
#........................# #...
#...)....................# #...
##.[.[........Z.@.........# #...
....>............#####....# #...
...).............# #....# #...
...#.............# #....# ####
#..#.............#####....# #
#..#....................#########
#.(##.###########.#####.#.[......
...##......)...# . #.#.#######
#..#######.###.##. #.....#


You could see a howler monkey skeleton (confused).

Action                   |  1- 3 |  4- 6 |  7- 9 || total
-------------------------+-------+-------+-------++-------
Melee: Dagger            |    35 |    59 |   396 ||   490
 Cast: Ensorcelled Hiber |     1 |    44 |    56 ||   101
       Confuse           |       |    11 |     3 ||    14
  Use: Scroll            |     2 |       |     4 ||     6
 Stab: Sleeping          |     3 |    17 |    59 ||    79
       Confused          |       |     4 |     2 ||     6
  Eat: Fruit             |       |       |     2 ||     2
       Bread ration      |       |       |     1 ||     1
Armor: Robe              |     8 |     7 |    37 ||    52
Dodge: Dodged            |    31 |    48 |   427 ||   506

Notes
Turn   | Place    | Note
-------+----------+-------------------------------------------
     0 | D:1      | Duffy the Spriggan Enchanter began the quest for the Orb.
     0 | D:1      | Reached XP level 1. HP: 9/9 MP: 5/5
   362 | D:3      | Found an iron altar of Okawaru.
   363 | D:3      | Noticed a black bear
   385 | D:4      | Noticed a scorpion
   392 | D:4      | Killed a scorpion
   392 | D:4      | Reached skill level 2 in Short Blades
   392 | D:4      | Reached skill level 5 in Stealth
   392 | D:4      | Reached skill level 3 in Spellcasting
   392 | D:4      | Reached skill level 4 in Hexes
   392 | D:4      | Reached XP level 2. HP: 13/13 MP: 7/7
   392 | D:4      | Reached XP level 3. HP: 16/16 MP: 8/8
   532 | D:4      | Learned a level 2 spell: Ensorcelled Hibernation
   536 | D:4      | Learned a level 3 spell: Confuse
   617 | D:4      | Reached XP level 4. HP: 21/21 MP: 6/10
   644 | D:5      | Entered Level 5 of the Dungeon
   676 | D:5      | Found a staircase to the Ecumenical Temple.
   679 | D:5      | Found a shattered altar of Ashenzari.
   685 | Temple   | Entered the Ecumenical Temple
   957 | Temple   | Became a worshipper of Dithmenos the Shadowed
   984 | D:5      | Learned a level 3 spell: Tukima's Dance
  1080 | D:5      | Reached XP level 5. HP: 24/24 MP: 4/11
  1151 | D:5      | Reached skill level 4 in Spellcasting
  1335 | Temple   | Reached skill level 3 in Short Blades
  1335 | Temple   | Reached skill level 6 in Stealth
  1533 | D:5      | Noticed an ogre
  1535 | D:5      | Killed an ogre
  1535 | D:5      | Reached skill level 5 in Hexes
  1535 | D:5      | Reached XP level 6. HP: 28/28 MP: 13/13
  1540 | D:5      | Learned a level 3 spell: Dazzling Spray
  2082 | D:3      | Noticed Grinder
  2409 | D:2      | Reached skill level 4 in Short Blades
  2409 | D:2      | Reached skill level 7 in Stealth
  2409 | D:2      | Reached skill level 5 in Spellcasting
  2632 | D:3      | Killed Grinder
  2632 | D:3      | Reached skill level 6 in Spellcasting
  2632 | D:3      | Reached XP level 7. HP: 18/32 MP: 8/17
  3017 | D:1      | Reached * piety under Dithmenos
  4166 | D:2      | Noticed Jessica
  4177 | D:2      | Killed Jessica
  4304 | D:2      | Reached ** piety under Dithmenos
  6179 | D:4      | Reached skill level 6 in Hexes
  6182 | D:4      | Reached *** piety under Dithmenos
  6182 | D:4      | Reached skill level 7 in Spellcasting
  6459 | D:4      | Found Puntea Ekoa's Jewellery Shoppe.
  6767 | D:5      | Found Nuzit's Assorted Antiques.
  6775 | D:5      | Bought a green potion for 22 gold pieces
  6984 | D:5      | Reached XP level 8. HP: 35/36 MP: 19/19
  6998 | D:5      | Reached skill level 8 in Stealth
  7022 | D:5      | Reached skill level 5 in Short Blades
  7341 | D:5      | Quit the game

Skill      XL: |  1  2  3  4  5  6  7  8 |
---------------+-------------------------+-----
Short Blades   | 2 3 4 5 |  5.0
Stealth        | 5 6 7 8 |  8.3
Spellcasting   | 3 4 6 7 |  7.4
Hexes          | 4 5 6 |  6.5
Dodging        | |  3.0

Vault maps used:
D:1:      dpeg_arrival_castle, minivault_11, minmay_small_reverse_x
D:2:      uniq_jessica
D:3:      serial_forest, infiniplex_forest_clump_long,
          infiniplex_forest_lined_2, infiniplex_forest_clump_long,
          infiniplex_forest_fountain, infiniplex_forest_lined_2,
          infiniplex_forest_lined_ring, infiniplex_forest_end_1,
          infiniplex_forest_lined_ring, okawaru_metal_pillars_3, uniq_grinder
D:4:      serial_shops, kennysheep_mini
D:5:      nicolae_overflow_hidden_temple, first_bread, serial_shops, shop,
          supply_closet_lemuel, moated_statue
Temple:   nicolae_temple_the_god_donut

Vanquished Creatures
  Grinder
  An ice beast
  A black bear
  An ogre
  A centaur
  A scorpion
  A howler monkey
  A crimson imp
  A hound
  2 orc priests
  An orc wizard
  2 giant frog skeletons Jessica
  3 iguanas
  3 worker ants
  6 adders
  4 worms
  2 dart slugs
  8 giant geckos
  13 orcs
  6 bats
  2 giant cockroaches
  9 goblins
  13 hobgoblins
  16 jackals
  2 quokkas
  3 ball pythons
  4 giant newts
  A jackal skeleton
  7 kobolds
  A quokka skeleton
  A quokka zombie
  14 rats
133 creatures vanquished.
